[Event "Titled Tuesday Blitz February 14 Early 2023"]
[White "Forgacs, Attila Jr."]
[Black "Gonzalez, Francisco Silva"]
[WhiteFideId "773654"]
[BlackFideId "1512285"]
[WhiteElo "2264"]
[BlackElo "2021"]
[Result "0-1"]
[Round "09"]
[TimeControl "180+2"]
[Date "2023.02.14"]
[WhiteClock "0:00:23"]
[BlackClock "0:01:21"]

1. e4 e5 2. Nf3 Nc6 3. Bb5 a6 4. Ba4 Nf6 5. O-O b5 6. Bb3 Bc5 7. a4 Bb7 8. d3 d6 9. Nbd2 O-O 10. h3 h6 11. Re1 Nd4 12. Nxd4 Bxd4 13. c3 Bb6 14. Nf3 c6 15. d4 Qe7 16. Qe2 Rfe8 17. dxe5 dxe5 18. Be3 Qc7 19. axb5 cxb5 20. Bxb6 Qxb6 21. Qc2 Rad8 22. Nh4 Rd7 23. Nf5 Red8 24. Re2 Kh7 25. Rae1 g6 26. Ng3 Rd3 27. Bxf7 Rxg3 28. Re3 Rxe3 29. Rxe3 Kg7 30. Ba2 Qd6 31. Re1 Bxe4 32. Qb3 Bd5 33. Qd1 Bxa2 34. Qf3 Bd5 35. Qg3 Nh5 36. Qg4 Nf4 37. Rd1 Qe7 38. g3 h5 39. Qh4 g5 0-1


[Site "https://www.chess.com"]

[Event "Titled Tuesday Blitz February 14 Early 2023"]
[White "Davalos Prieto, Abel Justo"]
[Black "Jovic, Stanoje"]
[WhiteFideId "5102766"]
[BlackFideId "905020"]
[WhiteElo "2029"]
[BlackElo "2075"]
[Result "0-1"]
[Round "09"]
[TimeControl "180+2"]
[Date "2023.02.14"]
[WhiteClock "0:00:01"]
[BlackClock "0:00:24"]

1. c4 e5 2. Nc3 Nf6 3. Nf3 Nc6 4. e4 Bc5 5. Nxe5 Nxe5 6. d4 Bb4 7. dxe5 Nxe4 8. Qf3 d5 9. Be2 O-O 10. O-O Bxc3 11. bxc3 c6 12. Rd1 Qa5 13. cxd5 cxd5 14. c4 Be6 15. Bf4 f5 16. Rac1 g5 17. cxd5 gxf4 18. dxe6 Qxe5 19. Bc4 Kh8 20. Rd7 Rg8 21. Rf7 Rac8 22. Qh5 Nf6 23. Qd1 f3 24. g3 b5 25. Bf1 Rxc1 26. Qxc1 Qxe6 27. Qc7 f4 28. Qxa7 fxg3 29. hxg3 Qe5 30. Kh2 Qh5+ 31. Kg1 Qh4 32. Rxf6 Qxf6 33. Qe3 Kg7 34. Bxb5 Rf8 35. a4 h6 36. a5 Qa1+ 0-1


[Site "https://www.chess.com"]

[Event "Titled Tuesday Blitz February 14 Early 2023"]
[White "Fiorito, Joaquin"]
[Black "Dzhaparov, Medet"]
[WhiteFideId "180173"]
[BlackFideId "13803689"]
[WhiteElo "2405"]
[BlackElo "1578"]
[Result "1-0"]
[Round "09"]
[TimeControl "180+2"]
[Date "2023.02.14"]
[WhiteClock "0:02:18"]
[BlackClock "0:01:59"]

1. d4 Nf6 2. Nc3 g6 3. e4 d6 4. Be3 Bg7 5. Qd2 O-O 6. Bh6 Nh5 7. Bxg7 Nxg7 8. h4 e5 9. Nge2 Nc6 10. O-O-O a6 11. f3 b5 12. g4 exd4 13. Nxd4 Nxd4 14. Qxd4 Ne6 15. Qe3 Qf6 16. Nd5 Qd8 17. g5 Kh8 18. Qc3+ Ng7 19. h5 Qxg5+ 20. f4 Qd8 21. h6 1-0


[Site "https://www.chess.com"]

[Event "Titled Tuesday Blitz February 14 Early 2023"]
[White "Kostiukov, Alexandr"]
[Black "Oro, Faustino"]
[WhiteFideId "14108100"]
[BlackFideId "20000197"]
[WhiteElo "2271"]
[BlackElo "2269"]
[Result "0-1"]
[Round "09"]
[TimeControl "180+2"]
[Date "2023.02.14"]
[WhiteClock "0:00:01"]
[BlackClock "0:00:29"]

1. g3 e5 2. c4 Nf6 3. Bg2 c6 4. Nf3 e4 5. Ng5 d5 6. cxd5 cxd5 7. O-O h6 8. Nh3 Bd6 9. d3 exd3 10. Nc3 O-O 11. Qxd3 Be6 12. Nf4 Bxf4 13. Bxf4 Nc6 14. Rad1 Qa5 15. a3 Rfd8 16. Nb5 Rd7 17. Nd4 Re8 18. Nxc6 bxc6 19. Rc1 Qb6 20. Qc2 Rc8 21. b4 Ne4 22. Be3 Qb7 23. Rfd1 Bf5 24. Qb2 Nd6 25. Bd4 Nc4 26. Qa1 f6 27. Bc5 Re8 28. e3 Ne5 29. a4 Be4 30. a5 Bxg2 31. Kxg2 Qc8 32. Qd4 Rf7 33. Qf4 Nc4 34. h4 Qe6 35. Rd4 Ne5 36. Rdd1 a6 0-1


[Site "https://www.chess.com"]

[Event "Titled Tuesday Blitz February 14 Early 2023"]
[White "Marosi, Levente"]
[Black "Manon-og, Ramon Jr."]
[WhiteFideId "747181"]
[BlackFideId "5200776"]
[WhiteElo "2303"]
[BlackElo "1999"]
[Result "1-0"]
[Round "09"]
[TimeControl "180+2"]
[Date "2023.02.14"]
[WhiteClock "0:01:14"]
[BlackClock "0:01:07"]

1. e4 c5 2. Nf3 d6 3. d4 cxd4 4. Nxd4 Nf6 5. Nc3 a6 6. Bg5 e6 7. f4 Be7 8. Qf3 Qc7 9. O-O-O Nbd7 10. g4 b5 11. Bxf6 Nxf6 12. g5 Nd7 13. f5 Bxg5+ 14. Kb1 O-O 15. fxe6 Ne5 16. Qg2 Bh6 17. Nd5 Qb7 18. e7 Be6 19. exf8=Q+ Rxf8 20. Be2 Ng6 21. Nf5 Bxf5 22. exf5 Ne5 23. Rhg1 Kh8 24. f6 Ng6 25. fxg7+ Bxg7 26. Bd3 Qa7 27. Bxg6 hxg6 28. Rge1 Qc5 29. Qh3+ Kg8 30. Ne7# 1-0


[Site "https://www.chess.com"]

[Event "Titled Tuesday Blitz February 14 Early 2023"]
[White "Sekar, B"]
[Black "Matveeva, Olga"]
[WhiteFideId "5043743"]
[BlackFideId "24107018"]
[WhiteElo "2333"]
[BlackElo "2128"]
[Result "0-1"]
[Round "09"]
[TimeControl "180+2"]
[Date "2023.02.14"]
[WhiteClock "0:00:03"]
[BlackClock "0:00:03"]

1. Nf3 Nf6 2. c4 e6 3. d4 d5 4. Nc3 Be7 5. cxd5 exd5 6. Bg5 c6 7. e3 O-O 8. Qc2 h6 9. Bh4 Re8 10. Bd3 Ne4 11. Bxe7 Qxe7 12. O-O Bf5 13. Ne5 Nd7 14. f3 Nxe5 15. dxe5 Nxc3 16. Bxf5 Nb5 17. f4 Rad8 18. Bd3 Nc7 19. Rae1 Qb4 20. a3 Qb6 21. Qe2 c5 22. Rf3 c4 23. Bc2 Ne6 24. f5 Ng5 25. Rg3 Rxe5 26. Qg4 Qf6 27. Qf4 Ne4 28. Rf3 Ng5 29. Rg3 Rde8 30. h4 Ne4 31. Rf3 Nd2 32. Rf2 Ne4 33. Rf3 Kh8 34. Re2 b5 35. Re1 a5 36. Re2 b4 37. Ba4 R8e7 38. axb4 axb4 39. Kh2 c3 40. bxc3 bxc3 41. Bc2 Rc7 42. g3 Rce7 43. Kh3 Qd6 44. Rf1 Qc5 45. Rd1 Qc4 46. Bd3 Qb3 47. Bc2 Qb4 48. Rd4 Qc5 49. Bxe4 Rxe4 50. Rxe4 Rxe4 51. Qb8+ Kh7 52. Qb1 f6 53. Qd3 Rc4 54. Rc2 Qc6 55. Qe2 Qc8 56. Qh5 Kh8 57. Kh2 Re4 0-1


[Site "https://www.chess.com"]

[Event "Titled Tuesday Blitz February 14 Early 2023"]
[White "Piriflillo"]
[Black "Shuvalov, Evgenij"]
[BlackFideId "4187237"]
[WhiteElo "2337"]
[BlackElo "2038"]
[Result "0-1"]
[Round "09"]
[TimeControl "180+2"]
[Date "2023.02.14"]
[WhiteClock "0:00:02"]
[BlackClock "0:00:55"]

1. e4 e6 2. d4 d5 3. Nc3 Bb4 4. exd5 exd5 5. Bd3 Nf6 6. a3 Be7 7. Nf3 Bg4 8. O-O O-O 9. Be2 Nbd7 10. Ne5 Bxe2 11. Qxe2 c6 12. Bf4 Re8 13. Qf3 Nf8 14. Ne2 Ne6 15. Be3 Bd6 16. Nf4 Qc7 17. Nxe6 Rxe6 18. Bf4 Rae8 19. Rfe1 Nd7 20. Re3 Nxe5 21. Bxe5 Bxe5 22. dxe5 Rxe5 23. Rae1 d4 24. Re4 h6 25. h3 Rxe4 26. Rxe4 Rxe4 27. Qxe4 Qd7 28. Qd3 Qd5 29. b3 g6 30. a4 Kg7 31. c3 dxc3 32. Qxc3+ Kg8 33. Qb4 b6 34. Qe7 a5 35. Qe3 b5 36. axb5 cxb5 37. Qe8+ Kg7 38. Qe3 a4 39. Qc3+ Kh7 40. bxa4 bxa4 41. Qa3 Qb3 42. Qe7 a3 43. Qf6 a2 44. Kh2 Qe6 45. Qa1 g5 46. g3 h5 47. Qd4 Kg6 48. Qd3+ Qf5 49. Qd6+ Qf6 50. Qd3+ Kg7 51. Qe2 a1=Q 52. Qxh5 0-1


[Site "https://www.chess.com"]

[Event "Titled Tuesday Blitz February 14 Early 2023"]
[White "Ruiz Aguilar, Pablo Alexander"]
[Black "Degenbaev, Aziz"]
[WhiteFideId "4401352"]
[BlackFideId "13802640"]
[WhiteElo "2161"]
[BlackElo "2203"]
[Result "1-0"]
[Round "09"]
[TimeControl "180+2"]
[Date "2023.02.14"]
[WhiteClock "0:01:32"]
[BlackClock "0:00:18"]

1. e4 c5 2. Nf3 d6 3. d4 cxd4 4. Nxd4 Nf6 5. Nc3 a6 6. Be2 e5 7. Nf3 Be7 8. Bg5 Be6 9. Bxf6 Bxf6 10. Qd3 O-O 11. Rd1 Be7 12. O-O Nc6 13. Nd5 Bxd5 14. Qxd5 Rc8 15. c3 Kh8 16. Nd2 b5 17. a4 bxa4 18. Bxa6 Rc7 19. Nc4 Nb8 20. Bb5 Rc5 21. Qb7 Rc7 22. Qa8 Qc8 23. Nxd6 Qe6 24. Nf5 a3 25. Nxe7 Qxe7 26. Qxa3 Qxa3 27. bxa3 Rxc3 28. a4 Nc6 29. Rc1 Nd4 30. Rxc3 1-0


[Site "https://www.chess.com"]

[Event "Titled Tuesday Blitz February 14 Early 2023"]
[White "Eynullayev, Atilla"]
[Black "Skaric, Djuro"]
[WhiteFideId "13413570"]
[BlackFideId "934569"]
[WhiteElo "2281"]
[BlackElo "2334"]
[Result "0-1"]
[Round "09"]
[TimeControl "180+2"]
[Date "2023.02.14"]
[WhiteClock "0:01:13"]
[BlackClock "0:00:56"]

1. e4 d6 2. d4 g6 3. Nc3 Bg7 4. Bg5 Nf6 5. f4 O-O 6. Qd2 c5 7. Nf3 cxd4 8. Nxd4 Nc6 9. Nf3 Bg4 10. O-O-O Qa5 11. Bc4 Rac8 12. Bb3 Nb4 13. a3 Na6 14. Rde1 Nc5 15. Ba2 Na4 16. Nxa4 Qxa4 17. Nd4 e5 18. Bb3 Qxd4 19. Qxd4 exd4 20. h3 Be6 21. Bxe6 fxe6 22. Kd2 Nd7 23. Rhf1 e5 24. g3 Rf7 25. f5 Rcf8 26. g4 h6 27. Bh4 g5 28. Bf2 Bf6 29. Re2 Rc8 30. Be1 Nc5 31. Kd1 Rfc7 32. Bb4 d3 33. cxd3 Nxd3 34. Rd2 Nxb4 35. axb4 Rc4 36. Ke2 Rxe4+ 37. Kf3 Rxb4 38. Rxd6 Rc6 39. Rd7 Rb3+ 40. Ke4 Rc4+ 41. Kd5 Rd3+ 42. Ke6 Rc6+ 43. Rd6 Rdxd6# 0-1


[Site "https://www.chess.com"]

[Event "Titled Tuesday Blitz February 14 Early 2023"]
[White "Aarav Dengla"]
[Black "Jimenez, Joaquin"]
[WhiteFideId "45059756"]
[BlackFideId "109860"]
[WhiteElo "2343"]
[BlackElo "2195"]
[Result "0-1"]
[Round "09"]
[TimeControl "180+2"]
[Date "2023.02.14"]
[WhiteClock "0:00:06"]
[BlackClock "0:00:39"]

1. e4 e6 2. d4 d5 3. exd5 exd5 4. Nf3 Bg4 5. h3 Bh5 6. Bd3 Bd6 7. c3 Ne7 8. O-O Nbc6 9. Re1 Qd7 10. Nbd2 O-O-O 11. b4 Bg6 12. Qc2 Bxd3 13. Qxd3 Ng6 14. Nb3 Rde8 15. Bd2 f6 16. Rxe8+ Rxe8 17. b5 Nd8 18. Nc5 Bxc5 19. dxc5 c6 20. bxc6 Nxc6 21. Nd4 Nge5 22. Qxh7 g6 23. Qh4 g5 24. Qh6 Qf7 25. Nb5 Nc4 26. Be3 a6 27. Nd6+ Nxd6 28. cxd6 Kd7 29. h4 gxh4 30. Qxh4 Kxd6 31. Qg3+ Ne5 32. Rb1 Rg8 33. Qh3 b5 34. a4 Qg6 35. Rb4 Qc2 36. Rd4 Qb1+ 37. Kh2 Rg7 38. Rf4 Qg6 39. Rh4 Ng4+ 40. Rxg4 Qxg4 41. Qxg4 Rxg4 42. axb5 axb5 43. f3 Rc4 44. Bd2 f5 45. Kh3 Ke6 46. g4 fxg4+ 47. fxg4 d4 48. cxd4 Rxd4 49. Be1 Rd3+ 50. Kh4 Rd1 51. Ba5 Ra1 52. Bb4 Rb1 53. Bd2 b4 54. Kg5 b3 55. Kg6 Rg1 56. Bc3 Rxg4+ 0-1


[Site "https://www.chess.com"]

[Event "Titled Tuesday Blitz February 14 Early 2023"]
[White "Balabayeva, Xeniya"]
[Black "Gharamian, Tigran"]
[WhiteFideId "13719688"]
[BlackFideId "13301527"]
[WhiteElo "2191"]
[BlackElo "2601"]
[Result "1-0"]
[Round "09"]
[TimeControl "180+2"]
[Date "2023.02.14"]
[WhiteClock "0:00:04"]
[BlackClock "0:00:13"]

1. e4 c6 2. d4 d5 3. Nd2 dxe4 4. Nxe4 Nf6 5. Nxf6+ exf6 6. c3 Bd6 7. Bd3 O-O 8. Ne2 Re8 9. Qc2 h5 10. O-O h4 11. h3 Nd7 12. Bd2 Nf8 13. Rae1 Bd7 14. f4 Qc7 15. c4 c5 16. d5 a6 17. Qd1 b5 18. b3 Ng6 19. Qc2 bxc4 20. bxc4 Ne7 21. Nc3 f5 22. Re2 g6 23. Be1 Bxf4 24. Bxh4 Bh2+ 25. Kh1 Bd6 26. Rfe1 Kf8 27. Qb2 Ng8 28. Nd1 Rxe2 29. Rxe2 Rb8 30. Qc3 Re8 31. Bf6 Rxe2 32. Bg7+ Ke8 33. Bxe2 Kd8 34. Nf2 Kc8 35. Nd3 Ne7 36. Bf6 Ng8 37. Be5 Bxe5 38. Nxe5 Be8 39. Bf3 f6 40. Nd3 Qd6 41. Qa5 Ne7 42. Nxc5 Kb8 43. Nxa6+ Kc8 44. c5 Qd7 45. d6 Qb5 46. Qxb5 Bxb5 47. dxe7 Kd7 48. Nb4 Ba4 49. c6+ Kxe7 50. Nd5+ Kd8 51. Nxf6 Kc8 52. Ne8 Bb5 53. Nd6+ Kc7 54. Nxb5+ Kb6 55. c7 1-0


[Site "https://www.chess.com"]

[Event "Titled Tuesday Blitz February 14 Early 2023"]
[White "Buchenau, Frank"]
[Black "Wilson, Elvin"]
[WhiteFideId "4604350"]
[BlackFideId "2014874"]
[WhiteElo "2222"]
[BlackElo "2183"]
[Result "1-0"]
[Round "09"]
[TimeControl "180+2"]
[Date "2023.02.14"]
[WhiteClock "0:00:36"]
[BlackClock "0:00:02"]

1. e4 e6 2. Nf3 d5 3. Nc3 Nf6 4. e5 Nfd7 5. d4 c5 6. dxc5 Nc6 7. Bf4 Bxc5 8. Bd3 f6 9. exf6 Qxf6 10. Bg3 O-O 11. O-O Nd4 12. Nxd4 Bxd4 13. Qh5 g6 14. Qe2 Nc5 15. Rae1 Bd7 16. Be5 Bxe5 17. Qxe5 Qxe5 18. Rxe5 Nxd3 19. cxd3 Rac8 20. f3 b5 21. d4 b4 22. Nd1 Rc2 23. Rf2 Rfc8 24. Ree2 Rc1 25. Rd2 Ra1 26. b3 Rcc1 27. Rf1 Bb5 28. Re1 Kf7 29. Kf2 a5 30. f4 a4 31. g4 Rab1 32. h4 axb3 33. axb3 Rxb3 34. Nb2 Rxe1 35. Kxe1 Rh3 36. Nd1 Rh1+ 37. Kf2 Rxh4 38. Kg3 Rh1 39. Nf2 Re1 40. Rb2 Re3+ 41. Kg2 b3 42. g5 h6 43. gxh6 Kg8 44. Ng4 Rc3 45. Nf6+ Kh8 46. Rb1 Rc2+ 47. Kf3 b2 48. Ke3 Rh2 49. Ng4 Rg2 50. Kf3 Rc2 51. Ne3 Rd2 52. Nd1 1-0


[Site "https://www.chess.com"]

[Event "Titled Tuesday Blitz February 14 Early 2023"]
[White "Chernov, Mikhail"]
[Black "Prudnykova, Olga"]
[WhiteFideId "24143170"]
[BlackFideId "14121093"]
[WhiteElo "2205"]
[BlackElo "2268"]
[Result "1-0"]
[Round "09"]
[TimeControl "180+2"]
[Date "2023.02.14"]
[WhiteClock "0:00:06"]
[BlackClock "0:00:12"]

1. e4 c5 2. Nf3 Nf6 3. e5 Nd5 4. c3 e6 5. d4 b6 6. Bd3 Bb7 7. O-O Be7 8. Qe2 d6 9. a3 Nd7 10. c4 Nc7 11. d5 dxe5 12. dxe6 Nxe6 13. Nc3 O-O 14. Nd5 Nd4 15. Nxd4 cxd4 16. Qe4 f5 17. Nxe7+ Qxe7 18. Qxb7 e4 19. Bc2 Kh8 20. Ba4 Rfd8 21. Bxd7 Qxd7 22. Qxd7 Rxd7 23. Bf4 Rc8 24. Rac1 Kg8 25. Rfd1 Kf7 26. Kf1 h6 27. h4 Ke6 28. Ke2 Rg8 29. h5 Rc8 30. b4 a5 31. Rd2 d3+ 32. Ke3 axb4 33. axb4 Ra7 34. c5 Ra4 35. Rb2 bxc5 36. bxc5 Ra6 37. Rb7 Rac6 38. Rxg7 Rxc5 39. Rxc5 Rxc5 40. Rg6+ Kf7 41. Rxh6 Rc2 42. Rd6 Re2+ 43. Kd4 Rxf2 44. Ke5 Ke7 45. Ra6 Kd7 46. Ra7+ Kc6 47. h6 d2 48. Ra1 Re2 49. h7 Re1 50. Bxd2 Rxa1 51. h8=Q 1-0


[Site "https://www.chess.com"]

[Event "Titled Tuesday Blitz February 14 Early 2023"]
[White "Fernandez Garcia, Gumersindo"]
[Black "Levitan, Caleb Levi"]
[WhiteFideId "24516740"]
[BlackFideId "14332620"]
[WhiteElo "2160"]
[BlackElo "2129"]
[Result "1-0"]
[Round "09"]
[TimeControl "180+2"]
[Date "2023.02.14"]
[WhiteClock "0:00:27"]
[BlackClock "0:00:01"]

1. e4 c5 2. Nc3 e6 3. f4 Nc6 4. Nf3 g6 5. Bc4 Bg7 6. O-O Nge7 7. d3 d5 8. Bb3 O-O 9. Kh1 Nd4 10. exd5 exd5 11. Nxd4 cxd4 12. Ne2 Bg4 13. h3 Be6 14. Qe1 Re8 15. Qf2 Nf5 16. g4 Ne3 17. Rg1 f5 18. g5 a5 19. a4 Bd7 20. c3 Qb6 21. Bxe3 dxe3 22. Bxd5+ Kh8 23. Qh4 Bc6 24. Bxc6 Qxc6+ 25. Kh2 Qf3 26. Rg2 Rad8 27. d4 Qc6 28. Qg3 Qa6 29. Ng1 e2 30. Re1 Re4 31. Nf3 Rde8 32. Ne5 Bxe5 33. dxe5 Qb6 34. Rgxe2 Rxe2+ 35. Rxe2 Rd8 36. Qe3 Qc6 37. Rd2 Re8 38. b3 b6 39. h4 h5 40. gxh6 Kh7 41. h5 gxh5 42. c4 Qxh6 43. Rd7+ Kh8 44. e6 Qxe6 45. Qd4+ 1-0


[Site "https://www.chess.com"]

[Event "Titled Tuesday Blitz February 14 Early 2023"]
[White "Colijn, Stefan"]
[Black "Babikov, Ivan"]
[WhiteFideId "1016199"]
[BlackFideId "4161106"]
[WhiteElo "2293"]
[BlackElo "2239"]
[Result "1-0"]
[Round "09"]
[TimeControl "180+2"]
[Date "2023.02.14"]
[WhiteClock "0:02:04"]
[BlackClock "0:02:02"]

1. d4 d5 2. Nc3 Nf6 3. Bf4 e6 4. e3 a6 5. Qf3 c5 6. dxc5 Bxc5 7. Qg3 Nh5 8. Qf3 Nf6 9. Be2 Bb4 10. Qg3 Nh5 11. Bxh5 g6 12. Be2 Nc6 13. Nf3 Qa5 14. O-O Bxc3 15. bxc3 Qxc3 16. Be5 Nxe5 17. Qxe5 Qxe5 18. Nxe5 Ke7 19. c4 Rd8 20. Rfd1 f6 21. Nf3 Bd7 22. cxd5 Ba4 23. Rd4 b5 24. dxe6 Rxd4 25. Nxd4 Rc8 26. Bd1 Bxd1 27. Rxd1 b4 28. Kf1 a5 29. Ke2 a4 30. Kd2 Rc3 31. Rb1 Ra3 32. Rxb4 Rxa2+ 33. Nc2 Kxe6 34. Kc1 a3 35. Kb1 Rb2+ 36. Rxb2 axb2 37. Kxb2 Ke5 38. Kc3 f5 39. Kd3 g5 40. g3 h5 41. f4+ Kf6 42. Kd4 gxf4 43. exf4 Ke6 44. Ne3 Kf6 45. Kd5 h4 46. Kd6 hxg3 47. hxg3 Kg6 48. Ke5 Kh5 49. Kxf5 Kh6 50. g4 Kh7 51. g5 Kh8 52. Kg6 Kg8 53. f5 Kh8 54. f6 Kg8 55. Ng4 Kh8 56. Kf5 Kg8 57. g6 Kh8 58. Kg5 Kg8 59. Kh5 Kh8 60. Kh4 Kg8 61. Kg3 Kh8 62. Kf3 Kg8 63. Ke3 Kh8 64. Kd4 Kg8 65. Kd5 Kh8 66. Kd6 Kg8 67. Kd7 Kh8 68. Ke7 Kg8 69. Ke8 Kh8 70. Kd8 Kg8 71. Ke7 Kh8 72. f7 Kg7 73. f8=Q+ Kxg6 74. Qf6+ Kh7 75. Qh6+ Kg8 76. Nf6# 1-0


[Site "https://www.chess.com"]

[Event "Titled Tuesday Blitz February 14 Early 2023"]
[White "Rose, Felix"]
[Black "Zacurdajev, Dmitry"]
[WhiteFideId "5105722"]
[BlackFideId "4196309"]
[WhiteElo "2091"]
[BlackElo "2273"]
[Result "0-1"]
[Round "09"]
[TimeControl "180+2"]
[Date "2023.02.14"]
[WhiteClock "0:00:42"]
[BlackClock "0:00:37"]

1. e4 c6 2. d4 d5 3. e5 c5 4. dxc5 Nc6 5. f4 e6 6. Be3 d4 7. Bf2 Bxc5 8. Nf3 Nge7 9. a3 Nd5 10. b4 Bb6 11. Qd2 Ne3 12. Bxe3 dxe3 13. Qxd8+ Kxd8 14. c4 Nd4 15. Nxd4 Bxd4 16. Ra2 a5 17. b5 b6 18. a4 Bb7 19. Na3 Ke7 20. Nc2 Bc5 21. Ke2 Rhd8 22. Nxe3 Bxe3 23. Kxe3 Rd1 24. h4 Rad8 25. Ke2 R8d4 26. Rh3 Rc1 27. Ke3 Re4+ 28. Kf2 Rxf4+ 0-1


[Site "https://www.chess.com"]

[Event "Titled Tuesday Blitz February 14 Early 2023"]
[White "Mirzanurov, Bulat"]
[Black "Korpics, Zsolt"]
[WhiteFideId "4184521"]
[BlackFideId "705241"]
[WhiteElo "2232"]
[BlackElo "2300"]
[Result "0-1"]
[Round "09"]
[TimeControl "180+2"]
[Date "2023.02.14"]
[WhiteClock "0:00:40"]
[BlackClock "0:01:19"]

1. e4 c5 2. Nf3 e6 3. d4 cxd4 4. Nxd4 Nc6 5. Nc3 Qc7 6. f4 a6 7. e5 Nxd4 8. Qxd4 Bc5 9. Qd3 b5 10. Be3 Bb4 11. a3 Bxc3+ 12. bxc3 Ne7 13. Be2 Bb7 14. O-O Rc8 15. Rfd1 Nd5 16. Bd2 O-O 17. Bf3 Nb6 18. Bxb7 Qxb7 19. Be3 Nd5 20. a4 Rxc3 21. Qd4 Rxe3 22. axb5 axb5 23. Ra7 Qc6 24. Qb2 Qb6 25. Qa2 Re1# 0-1


[Site "https://www.chess.com"]

[Event "Titled Tuesday Blitz February 14 Early 2023"]
[White "Ardila, Oscar Humberto"]
[Black "Delorme, Axel"]
[WhiteFideId "4404742"]
[BlackFideId "632023"]
[WhiteElo "1982"]
[BlackElo "2483"]
[Result "1-0"]
[Round "09"]
[TimeControl "180+2"]
[Date "2023.02.14"]
[WhiteClock "0:01:13"]
[BlackClock "0:00:14"]

1. d4 d5 2. Nf3 e6 3. g3 Nf6 4. Bg2 c5 5. c3 Nc6 6. O-O cxd4 7. Nxd4 e5 8. Nxc6 bxc6 9. Qa4 Bd7 10. Bg5 Bd6 11. Nd2 O-O 12. e4 c5 13. Qa6 Qc7 14. Bxf6 gxf6 15. exd5 Rab8 16. Qd3 f5 17. b3 e4 18. Qe2 Be5 19. Rac1 a5 20. Qh5 Bg7 21. Nc4 a4 22. d6 Qd8 23. Bh3 Qf6 24. bxa4 Bxa4 25. Ne3 Bd7 26. Bxf5 Bxf5 27. Nxf5 Qg6 28. Ne7+ 1-0


[Site "https://www.chess.com"]

[Event "Titled Tuesday Blitz February 14 Early 2023"]
[White "Smith, Garrett L"]
[Black "Valle Maytin, Luis Enrique"]
[WhiteFideId "2024829"]
[BlackFideId "3503666"]
[WhiteElo "2047"]
[BlackElo "2241"]
[Result "1-0"]
[Round "09"]
[TimeControl "180+2"]
[Date "2023.02.14"]
[WhiteClock "0:00:33"]
[BlackClock "0:00:03"]

1. e4 c6 2. d4 d5 3. e5 c5 4. Nf3 Bg4 5. dxc5 e6 6. Bb5+ Nc6 7. b4 Ne7 8. O-O a6 9. Ba4 Ng6 10. Bb2 Qc7 11. Re1 Be7 12. Nbd2 O-O 13. Bxc6 Qxc6 14. h3 Bxf3 15. Nxf3 Qc7 16. Qd2 b6 17. cxb6 Qxb6 18. a3 Rfc8 19. Bd4 Qb5 20. g3 Rc4 21. c3 h6 22. h4 Bf6 23. exf6 Rac8 24. fxg7 Kh7 25. h5 Ne7 26. Ne5 R4c7 27. Nxf7 Nf5 28. Ne5 Rxg7 29. Ng6 Nxd4 30. cxd4 Qd7 31. Re5 Kg8 32. Rae1 Rc6 33. Qxh6 Kf7 34. Qh8 Rg8 35. Qh6 Rg7 36. R1e3 Rc1+ 37. Kg2 Qb5 38. Rf3+ Ke8 39. Rf8+ Kd7 40. Qxg7+ Kd6 41. Qe7+ 1-0


[Site "https://www.chess.com"]

[Event "Titled Tuesday Blitz February 14 Early 2023"]
[White "Gatterer, Florian"]
[Black "SicilianPanzer"]
[WhiteFideId "811688"]
[WhiteElo "2170"]
[BlackElo "2240"]
[Result "1/2-1/2"]
[Round "09"]
[TimeControl "180+2"]
[Date "2023.02.14"]
[WhiteClock "0:00:29"]
[BlackClock "0:00:01"]

1. e4 e6 2. d4 d5 3. Nd2 Be7 4. Ngf3 Nf6 5. Bd3 c5 6. dxc5 O-O 7. O-O Nc6 8. c3 Bxc5 9. Qe2 e5 10. Nb3 dxe4 11. Bxe4 Nxe4 12. Qxe4 Bd6 13. Bg5 Qc7 14. Rad1 Be6 15. Be3 f5 16. Qh4 h6 17. Bc5 Rad8 18. Bxd6 Rxd6 19. Nc5 Bf7 20. Rxd6 Qxd6 21. Nxb7 Qb8 22. Nc5 Qxb2 23. Nd7 Re8 24. Qa4 Qxc3 25. h3 e4 26. Nh4 Be6 27. Rd1 Rd8 28. Nf6+ Qxf6 29. Rxd8+ Qxd8 30. Qxc6 Qd1+ 31. Kh2 Bd7 32. Qc4+ Kh7 33. Qf7 Qd5 34. Ng6 Qxf7 35. Ne5 Qe6 36. f4 Qd6 1/2-1/2


[Site "https://www.chess.com"]

[Event "Titled Tuesday Blitz February 14 Early 2023"]
[White "Shubenkova, Veronika"]
[Black "Smietanska, Wiktoria"]
[WhiteFideId "44124040"]
[BlackFideId "21869359"]
[WhiteElo "1960"]
[BlackElo "1936"]
[Result "0-1"]
[Round "09"]
[TimeControl "180+2"]
[Date "2023.02.14"]
[WhiteClock "0:01:00"]
[BlackClock "0:00:05"]

1. e4 c5 2. Nc3 Nc6 3. g3 g6 4. Bg2 Bg7 5. d3 e6 6. Be3 d6 7. f4 Nge7 8. Nf3 O-O 9. Rb1 a6 10. O-O b5 11. Ne2 Rb8 12. g4 f5 13. exf5 gxf5 14. g5 e5 15. Qd2 Nd4 16. c3 Ne6 17. Ng3 exf4 18. Bxf4 Nd5 19. Nh5 Qe8 20. Nh4 Qxh5 21. Bxd5 Qxh4 22. Bxd6 Rd8 23. Bxb8 Rxd5 24. Qg2 Bb7 25. Bg3 Qxg5 26. Qe2 Re5 27. Qf2 f4 28. Rbe1 Rxe1 29. Qxe1 Qd5 30. Rf3 fxg3 31. Rxg3 Qh1+ 32. Kf2 Qxh2+ 33. Kf1 Qh1+ 34. Kf2 Qxe1+ 35. Kxe1 h5 36. Kf2 h4 37. Rh3 Bf6 38. Rf3 Kg7 39. Re3 Kf7 40. Kg1 Bg5 41. Re1 Nf4 42. Kh2 Nxd3 43. Rf1+ Kg6 44. Rd1 c4 45. Rg1 Kh5 46. b3 Bf4+ 47. Kh3 Nf2# 0-1


[Site "https://www.chess.com"]

[Event "Titled Tuesday Blitz February 14 Early 2023"]
[White "De Souza, Cristiano Gomes"]
[Black "Loskutova, Viktoriya"]
[WhiteFideId "2151758"]
[BlackFideId "34166278"]
[WhiteElo "2018"]
[BlackElo "2153"]
[Result "1/2-1/2"]
[Round "09"]
[TimeControl "180+2"]
[Date "2023.02.14"]
[WhiteClock "0:00:21"]
[BlackClock "0:00:23"]

1. d4 Nf6 2. c4 e6 3. Nf3 b6 4. g3 Bb7 5. Bg2 Bb4+ 6. Bd2 Be7 7. O-O O-O 8. Bc3 c6 9. Nbd2 d5 10. Ne5 Nbd7 11. Nxd7 Qxd7 12. e4 dxc4 13. Nxc4 c5 14. Ne5 Qc7 15. dxc5 Bxc5 16. Qe2 Rad8 17. Rfd1 Rxd1+ 18. Rxd1 Rd8 19. Rxd8+ Qxd8 20. h3 h6 21. Kh2 Qa8 22. f3 Qd8 23. b4 Be7 24. a3 Qc7 25. Qc4 Qb8 26. Nc6 Bxc6 27. Qxc6 Bd6 28. f4 Be7 29. Be5 Qd8 30. Qb7 Qd7 31. Qxd7 Nxd7 32. Bc7 a5 33. bxa5 bxa5 34. Bxa5 Bxa3 35. e5 Bc5 36. Bc7 Nf8 37. Bc6 Ng6 38. Kg2 Ne7 39. Be4 Nf5 40. Bxf5 exf5 41. Kf3 g6 42. g4 Kg7 43. Ba5 Be7 44. Bd2 Kh7 45. Ke3 Kg8 46. Kd3 Kf8 47. Kc4 Ke8 48. Kd5 Kd7 49. gxf5 gxf5 50. Be3 Bh4 51. Bc5 Bd8 52. Bd6 h5 53. Bc5 Bh4 54. Be3 Bg3 55. e6+ fxe6+ 56. Ke5 Ke7 57. Bc5+ Kf7 58. Be3 Ke7 59. Bc5+ Kf7 60. Be3 Bh4 61. Kd6 Be7+ 62. Ke5 Bd8 63. Kd6 Ba5 64. Kd7 Bb4 65. Kc6 Bc3 66. Kb5 Kf6 67. Kc4 Ba1 68. Kd3 e5 69. Ke2 exf4 70. Bxf4 Be5 71. Be3 f4 72. Bf2 Kf5 73. Kf3 Bf6 74. Be1 Be5 75. Bd2 Bd6 76. Be1 Kg5 77. Bf2 Be5 78. Be1 Bd4 79. Bd2 Be5 80. h4+ Kf5 81. Bxf4 Bxf4 82. Kg2 Kg4 83. Kh1 Kxh4 84. Kg1 Kh3 85. Kh1 Bh2 1/2-1/2


[Site "https://www.chess.com"]